[Event "ICC tourney 2579 (30 10)"]
[Site "Internet Chess Club"]
[Date "2021.05.22"]
[Round "1"]
[White "TISMINEZKY, TAVI:tavit2"]
[Black "LI, IRIS:irisl"]
[Result "0-1"]
[ICCResult "White checkmated"]
[WhiteElo "1027"]
[BlackElo "1482"]
[Opening "Four knights: Scotch, 4...exd4"]
[ECO "C47"]
[NIC "KP.06"]
[Time "11:04:33"]
[PlyCount "40"]
[TimeControl "1800+10"]

1. e4 e5 2. Nf3 Nc6 3. Nc3 Nf6 4. d4 exd4 5. Nxd4 Bb4 6. Nxc6 bxc6 7. Bd3
d6 8. Bg5 h6 9. Bh4 O-O 10. O-O g5 11. Bg3 Bg4 12. Qd2 Re8 13. f3 Be6 14.
f4 Bc5+ 15. Kh1 Nh5 16. fxg5 Nxg3+ 17. hxg3 Qxg5 18. Qxg5+ hxg5 19. a3 Kg7
20. Ne2 Rh8# { White checkmated } 0-1

[Event "ICC tourney 2579 (30 10)"]
[Site "Internet Chess Club"]
[Date "2021.05.22"]
[Round "1"]
[White "LIAO, CONNOR:che2468"]
[Black "BAUTISTA, LUIS VINCENT:harrymanoc"]
[Result "1-0"]
[ICCResult "Black checkmated"]
[WhiteElo "1423"]
[BlackElo "625"]
[Opening "Queen's pawn: Charlick (Englund) gambit"]
[ECO "A40"]
[NIC "QO.17"]
[Time "11:04:32"]
[PlyCount "49"]
[TimeControl "1800+10"]

1. d4 e5 2. dxe5 Nc6 3. Nf3 Qe7 4. e3 Qb4+ 5. c3 Qb6 6. Be2 Nh6 7. O-O Bc5
8. Nbd2 Bxe3 9. fxe3 Qxe3+ 10. Kh1 Ng4 11. Qe1 O-O 12. Nb3 Qb6 13. Qg3 d6
14. exd6 cxd6 15. Nfd4 Nxd4 16. Nxd4 h5 17. h3 f5 18. hxg4 hxg4 19. Bc4+
Rf7 20. Bxf7+ Kxf7 21. Nxf5 Bxf5 22. Rxf5+ Kg8 23. Qxg4 Re8 24. Qc4+ Kh8
25. Rh5# { Black checkmated } 1-0

[Event "ICC tourney 2579 (30 10)"]
[Site "Internet Chess Club"]
[Date "2021.05.22"]
[Round "1"]
[White "SURESH, ARJUN:dolphinday"]
[Black "SRIRAM, SHRAVAN:chickenlord999"]
[Result "0-1"]
[ICCResult "White checkmated"]
[WhiteElo "1120"]
[BlackElo "1522"]
[Opening "QGD: Ragozin variation"]
[ECO "D38"]
[NIC "NI.27"]
[Time "11:04:29"]
[PlyCount "72"]
[TimeControl "1800+10"]

1. d4 Nf6 2. Nf3 e6 3. c4 d5 4. Nc3 Bb4 5. Bg5 Nbd7 6. cxd5 exd5 7. Qb3
Bxc3+ 8. bxc3 h6 9. Bh4 Qe7 10. e3 Qe6 11. Bb5 c6 12. Bd3 O-O 13. c4 Nb6
14. cxd5 cxd5 15. O-O Bd7 16. Bb5 Bxb5 17. Qxb5 Ne4 18. Qb2 Rac8 19. Nd2
Nd6 20. Rac1 Ndc4 21. Nxc4 dxc4 22. Rfd1 c3 23. Rxc3 Na4 24. Qd2 Nxc3 25.
Rf1 Ne4 26. Qb2 b6 27. h3 Rc6 28. Rc1 Rxc1+ 29. Qxc1 Rc8 30. Qb2 Qd6 31.
Qe2 Rc1+ 32. Qf1 Rxf1+ 33. Kxf1 Qa3 34. Ke2 Qxa2+ 35. Ke1 Qd2+ 36. Kf1 Qd1#
{ White checkmated } 0-1

[Event "ICC tourney 2579 (30 10)"]
[Site "Internet Chess Club"]
[Date "2021.05.22"]
[Round "1"]
[White "Hanke, Harvey:ThinkingPanda"]
[Black "CHERUKURI, NITESH:Niteshc"]
[Result "1/2-1/2"]
[ICCResult "Game drawn by repetition"]
[WhiteElo "1421"]
[BlackElo "1746"]
[Opening "Caro-Kann: Tartakower (fantasy) variation"]
[ECO "B12"]
[NIC "CK.02"]
[Time "11:04:29"]
[PlyCount "77"]
[TimeControl "1800+10"]

1. e4 c6 2. d4 d5 3. f3 dxe4 4. fxe4 Nf6 5. e5 Nd5 6. Nf3 Bf5 7. Bd3 Bxd3
8. Qxd3 e6 9. O-O c5 10. Ng5 f6 11. exf6 Nxf6 12. Nxe6 Qd7 13. Re1 Kf7 14.
Nxc5 Bxc5 15. dxc5 Qxd3 16. cxd3 Na6 17. d4 Rad8 18. Be3 Rhe8 19. Nc3 Nb4
20. Bf2 Nd3 21. Rxe8 Kxe8 22. Rd1 Nf4 23. Bh4 Ne6 24. Bxf6 gxf6 25. Ne4 Ke7
26. d5 f5 27. Nd6 Nxc5 28. Nxf5+ Kf6 29. Ne3 Ke5 30. b3 Ke4 31. Kf2 Nd3+
32. Ke2 Nf4+ 33. Kf2 Nd3+ 34. Ke2 Nf4+ 35. Kf2 Nd3+ 36. Ke2 Nf4+ 37. Kf2
Nd3+ 38. Ke2 Nf4+ 39. Kf2 { Game drawn by repetition } 1/2-1/2

[Event "ICC tourney 2579 (30 10)"]
[Site "Internet Chess Club"]
[Date "2021.05.22"]
[Round "1"]
[White "VIDENA, DANIEL TUAPEN:Davide25"]
[Black "XIAO, MICHAEL:michaelxiao"]
[Result "1-0"]
[ICCResult "Black resigns"]
[WhiteElo "1528"]
[BlackElo "1297"]
[Opening "QGD Slav: 4.e3"]
[ECO "D11"]
[NIC "SL.01"]
[Time "11:04:39"]
[PlyCount "63"]
[TimeControl "1800+10"]

1. d4 d5 2. c4 c6 3. e3 Nf6 4. Nf3 Bg4 5. Nc3 g6 6. h3 Bxf3 7. Qxf3 Bg7 8.
cxd5 cxd5 9. Bd3 a6 10. O-O O-O 11. Bd2 Nc6 12. Rfc1 Rc8 13. Na4 e5 14.
dxe5 Nxe5 15. Qe2 d4 16. Rxc8 Qxc8 17. exd4 Nxd3 18. Qxd3 Nd5 19. Rc1 Qd7
20. Nc5 Qe7 21. Re1 Qc7 22. Qe4 Rd8 23. Bg5 Rc8 24. Qxd5 Qa5 25. Re7 Rf8
26. a3 b6 27. b4 Qb5 28. a4 Qxb4 29. Nd7 Bxd4 30. Nxf8 Qb1+ 31. Kh2 Bxf2
32. Qxf7+ { Black resigns } 1-0

[Event "ICC tourney 2579 (30 10)"]
[Site "Internet Chess Club"]
[Date "2021.05.22"]
[Round "1"]
[White "SONI, ARJUN:turtle6"]
[Black "JIN, DAVID:smartgoldfish"]
[Result "1-0"]
[ICCResult "Black checkmated"]
[WhiteElo "1675"]
[BlackElo "1400"]
[Opening "Sicilian: dragon, Yugoslav attack, 7...O-O"]
[ECO "B76"]
[NIC "SI.17"]
[Time "11:04:33"]
[PlyCount "79"]
[TimeControl "1800+10"]

1. e4 c5 2. Nf3 d6 3. d4 cxd4 4. Nxd4 Nf6 5. Nc3 g6 6. Be3 Bg7 7. f3 O-O 8.
Qd2 Nc6 9. g4 Bd7 10. h4 h5 11. gxh5 Nxh5 12. Nxc6 Bxc6 13. Bh6 Kh7 14.
Bxg7 Kxg7 15. Rg1 Qb6 16. Rg2 Qxb2 17. Rb1 Qa3 18. Rg5 e5 19. Rxh5 gxh5 20.
Rb3 Qc5 21. Qg5+ Kh7 22. Bh3 Rg8 23. Bf5+ Rg6 24. Bxg6+ fxg6 25. Nd5 Bxd5
26. exd5 Qxd5 27. Qe7+ Kh6 28. Rxb7 Qa5+ 29. Kd1 Qd5+ 30. Kc1 Qxb7 31. Qxb7
Rf8 32. Kd2 Rf4 33. Qe7 Rxf3 34. Qxd6 Rh3 35. Qf8+ Kh7 36. Qe7+ Kh6 37. Qd8
Rh2+ 38. Kc3 Rh3+ 39. Kb2 Rh1 40. Qh8# { Black checkmated } 1-0

[Event "ICC tourney 2579 (30 10)"]
[Site "Internet Chess Club"]
[Date "2021.05.22"]
[Round "1"]
[White "XIA, JOSHUA:MathMonkey"]
[Black "HEBBAR, ESHAAN:solveur"]
[Result "0-1"]
[ICCResult "White resigns"]
[WhiteElo "1381"]
[BlackElo "1658"]
[Opening "Ruy Lopez: 5.O-O"]
[ECO "C78"]
[NIC "RL.12"]
[Time "11:04:30"]
[PlyCount "110"]
[TimeControl "1800+10"]

1. e4 e5 2. Nf3 Nc6 3. Bb5 a6 4. Ba4 Nf6 5. O-O b5 6. Bb3 Bc5 7. c3 d6 8.
a4 Bb7 9. d4 Bb6 10. Re1 h6 11. Bd5 exd4 12. Nxd4 Bxd4 13. Bxc6+ Bxc6 14.
cxd4 O-O 15. d5 Bb7 16. Nd2 Re8 17. f3 Qe7 18. Nb3 Bxd5 19. Nd4 Bb7 20.
axb5 axb5 21. Rxa8 Bxa8 22. Nxb5 d5 23. e5 Nd7 24. Qd4 c5 25. Qf4 Nxe5 26.
Qg3 Nxf3+ 27. Qxf3 Qxe1+ 28. Qf1 Qb4 29. Nc3 d4 30. Ne2 d3 31. Nc3 d2 32.
Bxd2 Qd4+ 33. Qf2 Qg4 34. h3 Qg6 35. Ne2 Qxg2+ 36. Qxg2 Bxg2 37. Nf4 Be4
38. Nh5 Bf3 39. Ng3 Rb8 40. Bc3 g6 41. Kf2 Bd5 42. Ke3 Re8+ 43. Kf4 Kh7 44.
Be5 g5+ 45. Kf5 Be6+ 46. Ke4 Bxh3 47. Nh5 Kg6 48. Nf6 Re6 49. Nd7 Bg2+ 50.
Kd3 Kf5 51. Bh2 Bf1+ 52. Kd2 Re2+ 53. Kc1 Rxh2 54. Nxc5 g4 55. Nb3 g3 {
White resigns } 0-1

[Event "ICC tourney 2579 (30 10)"]
[Site "Internet Chess Club"]
[Date "2021.05.22"]
[Round "1"]
[White "WADUTHANTHREE, THIHANSA OVINDEE:thihansa"]
[Black "XIAO, MARINA:marinaxiao"]
[Result "0-1"]
[ICCResult "White checkmated"]
[WhiteElo "1311"]
[BlackElo "1547"]
[Opening "Sicilian: Pelikan (Lasker/Sveshnikov) variation"]
[ECO "B33"]
[NIC "SI.35"]
[Time "11:04:36"]
[PlyCount "90"]
[TimeControl "1800+10"]

1. e4 c5 2. Nf3 Nc6 3. d4 cxd4 4. Nxd4 Nf6 5. Nc3 e5 6. Ndb5 d6 7. Nd5 Nxd5
8. Qxd5 Be6 9. Qd1 Be7 10. Be2 O-O 11. O-O Kh8 12. Kh1 f5 13. Nc3 Bh4 14.
f3 Nd4 15. Bd3 f4 16. Bd2 Qe8 17. Be1 Bg5 18. Bf2 Qh5 19. Nb5 Nxb5 20. Bxb5
Rf6 21. Be2 Rh6 22. Bg1 Bh4 23. Bd3 Bg3 24. Qe2 Bxh2 25. g4 fxg3 26. Bxh2
Qxh2+ 27. Qxh2 Rxh2+ 28. Kg1 Bh3 29. Rfe1 Rf8 30. Re2 Rxe2 31. Bxe2 h5 32.
Rd1 Rf6 33. c3 h4 34. Bf1 Bxf1 35. Rxf1 h3 36. b3 g5 37. c4 g4 38. fxg4 h2+
39. Kg2 Rxf1 40. Kxf1 h1=Q+ 41. Ke2 g2 42. Ke3 g1=Q+ 43. Ke2 Qg3 44. Kd2
Qhh2+ 45. Kd1 Qgg1# { White checkmated } 0-1

[Event "ICC tourney 2579 (30 10)"]
[Site "Internet Chess Club"]
[Date "2021.05.22"]
[Round "1"]
[White "ZHANG, MULAN JIEMIN:Mulan2009"]
[Black "Ma, Tristan:xiaobear"]
[Result "0-1"]
[ICCResult "White forfeits on time"]
[WhiteElo "1656"]
[BlackElo "1353"]
[Opening "Two knights defense (Modern bishop's opening)"]
[ECO "C55"]
[NIC "IG.01"]
[Time "11:04:32"]
[PlyCount "66"]
[TimeControl "1800+10"]

1. e4 e5 2. Nf3 Nc6 3. Bc4 Nf6 4. d3 Be7 5. Be3 O-O 6. Nc3 d6 7. O-O Na5 8.
Bb3 Nxb3 9. axb3 Be6 10. Nd2 d5 11. exd5 Bxd5 12. f4 Bd6 13. fxe5 Bxe5 14.
d4 Bd6 15. Rxf6 Qxf6 16. Nxd5 Qh4 17. g3 Bxg3 18. hxg3 Qxg3+ 19. Kf1 Qh3+
20. Ke2 Qg2+ 21. Kd3 Qxd5 22. Qg4 Qe6 23. Qf4 Qg6+ 24. Ne4 Rfe8 25. Rg1
Qa6+ 26. c4 Qa2 27. Rxg7+ Kxg7 28. Qf6+ Kg8 29. Nd2 Rxe3+ 30. Kxe3 Re8+ 31.
Kd3 Qa6 32. Qf4 Qg6+ 33. Ne4 Kg7 { White forfeits on time } 0-1

[Event "ICC tourney 2579 (30 10)"]
[Site "Internet Chess Club"]
[Date "2021.05.22"]
[Round "1"]
[White "Kumar, Agrim:agrimjax1"]
[Black "VENKATESH, NARAYAN:narayan0811"]
[Result "1-0"]
[ICCResult "Black resigns"]
[WhiteElo "1517"]
[BlackElo "1040"]
[Opening "Sicilian: Anderssen variation"]
[ECO "B41"]
[NIC "SI.41"]
[Time "11:04:33"]
[PlyCount "79"]
[TimeControl "1800+10"]

1. e4 c5 2. Nf3 e6 3. d4 cxd4 4. Nxd4 Nf6 5. Qd3 d5 6. e5 Nfd7 7. Nf3 Nc6
8. Bf4 Qb6 9. Qb3 Bc5 10. Qxb6 Bxb6 11. c4 dxc4 12. Bxc4 Nd4 13. Nxd4 Bxd4
14. Nc3 Bxe5 15. Bxe5 Nxe5 16. Bb5+ Bd7 17. Bxd7+ Kxd7 18. O-O Ke7 19. f4
Nd3 20. f5 Rac8 21. fxe6 fxe6 22. Rf3 Rhd8 23. Raf1 Ne5 24. Rg3 g6 25. Rh3
h5 26. Rg3 Rd2 27. Re1 Nd3 28. Rf1 Rg8 29. Ne4 Rxb2 30. Rxd3 Rxa2 31. Rfd1
Rb8 32. Rd7+ Kf8 33. Rh7 Re8 34. Rh8+ Ke7 35. Rh7+ Kf8 36. Rdd7 Ra1+ 37.
Kf2 Ra2+ 38. Kf3 Ra3+ 39. Kf4 Re7 40. Rdxe7 { Black resigns } 1-0

[Event "ICC tourney 2579 (30 10)"]
[Site "Internet Chess Club"]
[Date "2021.05.22"]
[Round "2"]
[White "Ma, Tristan:xiaobear"]
[Black "DUNIKOV, GLIB:GlibNest"]
[Result "0-1"]
[ICCResult "White checkmated"]
[WhiteElo "1353"]
[BlackElo "1511"]
[Opening "QP counter-gambit (elephant gambit)"]
[ECO "C40"]
[NIC "KP.10"]
[Time "13:01:55"]
[PlyCount "32"]
[TimeControl "1800+10"]

1. e4 e5 2. Nf3 d5 3. exd5 e4 4. Nd4 Qxd5 5. c3 Bc5 6. Nb3 Bb6 7. d3 Qf5 8.
d4 Nf6 9. Be2 O-O 10. O-O Qg6 11. Kh1 Bf5 12. N1d2 c6 13. Rg1 Bc7 14. Nf1
Bg4 15. Bxg4 Nxg4 16. Ng3 Nxf2# { White checkmated } 0-1

[Event "ICC tourney 2579 (30 10)"]
[Site "Internet Chess Club"]
[Date "2021.05.22"]
[Round "2"]
[White "SRIRAM, SHRAVAN:chickenlord999"]
[Black "SONI, ARJUN:turtle6"]
[Result "1-0"]
[ICCResult "Black checkmated"]
[WhiteElo "1522"]
[BlackElo "1675"]
[Opening "QGD Slav defense"]
[ECO "D10"]
[NIC "SL.01"]
[Time "13:01:55"]
[PlyCount "39"]
[TimeControl "1800+10"]

1. d4 d5 2. c4 c6 3. Nc3 Nf6 4. Bg5 e6 5. e3 h6 6. Bh4 Be7 7. Nf3 O-O 8.
Be2 Nfd7 9. Bg3 Bb4 10. c5 Nf6 11. Qc2 Ne4 12. O-O Nxc3 13. bxc3 Ba5 14.
Bd6 Re8 15. Ne5 Bc7 16. Bh5 Bxd6 17. Bxf7+ Kf8 18. cxd6 Nd7 19. Qh7 Nxe5
20. Qg8# { Black checkmated } 1-0

[Event "ICC tourney 2579 (30 10)"]
[Site "Internet Chess Club"]
[Date "2021.05.22"]
[Round "2"]
[White "TISMINEZKY, TAVI:tavit2"]
[Black "SURESH, ARJUN:dolphinday"]
[Result "0-1"]
[ICCResult "White checkmated"]
[WhiteElo "1027"]
[BlackElo "1120"]
[Opening "Caro-Kann defense"]
[ECO "B10"]
[NIC "CK.01"]
[Time "13:01:34"]
[PlyCount "62"]
[TimeControl "1800+10"]

1. e4 c6 2. Nf3 d5 3. exd5 cxd5 4. d4 Nf6 5. Nc3 Nc6 6. Bb5 Bg4 7. h3 Bh5
8. g4 Bg6 9. Ne5 Qc7 10. Bf4 Qc8 11. Qf3 e6 12. Bg5 Be7 13. h4 Bxc2 14. a4
a6 15. Bxc6+ bxc6 16. Bd2 Qb7 17. Ra2 O-O-O 18. Nxf7 Ne4 19. Nxh8 Rxh8 20.
Qf7 Nxd2 21. Qxe6+ Kd8 22. Kxd2 Bb3 23. Raa1 Re8 24. Qf5 g6 25. Qd3 Bc4 26.
Qb1 Bb4 27. b3 Re2+ 28. Kd1 Bxc3 29. bxc4 Rb2 30. Qc1 Qb3+ 31. Qc2 Qxc2# {
White checkmated } 0-1

[Event "ICC tourney 2579 (30 10)"]
[Site "Internet Chess Club"]
[Date "2021.05.22"]
[Round "2"]
[White "BAUTISTA, LUIS VINCENT:harrymanoc"]
[Black "WADUTHANTHREE, THIHANSA OVINDEE:thihansa"]
[Result "0-1"]
[ICCResult "White resigns"]
[WhiteElo "625"]
[BlackElo "1311"]
[Opening "French: Tarrasch, closed variation"]
[ECO "C05"]
[NIC "FR.16"]
[Time "13:01:21"]
[PlyCount "78"]
[TimeControl "1800+10"]

1. e4 e6 2. d4 d5 3. Nd2 Nf6 4. e5 Nfd7 5. Ngf3 c5 6. c3 Nc6 7. Bb5 Qb6 8.
Bxc6 bxc6 9. O-O Be7 10. Nb3 O-O 11. Bg5 Bxg5 12. Nxg5 h6 13. Nf3 Ba6 14.
Re1 c4 15. Nbd2 Qxb2 16. Nf1 Qxc3 17. Ng3 Qa5 18. Nh5 Qd8 19. Nd2 Qg5 20.
a4 g6 21. Ng3 Qe7 22. Qg4 Qg5 23. Qxg5 hxg5 24. Nf3 g4 25. Ng5 c5 26. dxc5
Nxc5 27. f3 gxf3 28. gxf3 Nd3 29. Re3 c3 30. Rd1 c2 31. Rexd3 Bxd3 32. Rc1
Rab8 33. Nf1 Rb1 34. Rxb1 cxb1=Q 35. h4 Qxf1+ 36. Kh2 Qf2+ 37. Kh3 Bf1+ 38.
Kg4 Qg2+ 39. Kf4 Rb8 { White resigns } 0-1

[Event "ICC tourney 2579 (30 10)"]
[Site "Internet Chess Club"]
[Date "2021.05.22"]
[Round "2"]
[White "XIAO, MICHAEL:michaelxiao"]
[Black "ZHANG, MULAN JIEMIN:Mulan2009"]
[Result "0-1"]
[ICCResult "White resigns"]
[WhiteElo "1297"]
[BlackElo "1656"]
[Opening "French: exchange variation"]
[ECO "C01"]
[NIC "FR.01"]
[Time "13:01:31"]
[PlyCount "60"]
[TimeControl "1800+10"]

1. e4 e6 2. d4 d5 3. exd5 exd5 4. Bd3 Bd6 5. Nf3 Nf6 6. h3 Qe7+ 7. Be3 Bf4
8. Qe2 Bxe3 9. fxe3 Nh5 10. Qf2 Nf4 11. Nc3 Nxd3+ 12. cxd3 c6 13. O-O O-O
14. e4 Be6 15. Qg3 h6 16. Ne5 Nd7 17. Ng4 Bxg4 18. Qxg4 Nf6 19. Qf4 Rad8
20. e5 Nh5 21. Qf3 g6 22. g4 Ng7 23. Qg3 Ne6 24. h4 Qb4 25. h5 Qxd4+ 26.
Kh1 g5 27. Rf6 Nf4 28. Re1 Qxd3 29. Qh2 Qf3+ 30. Kg1 Nh3+ { White resigns }
0-1

[Event "ICC tourney 2579 (30 10)"]
[Site "Internet Chess Club"]
[Date "2021.05.22"]
[Round "2"]
[White "HEBBAR, ESHAAN:solveur"]
[Black "Kumar, Agrim:agrimjax1"]
[Result "1-0"]
[ICCResult "Black checkmated"]
[WhiteElo "1658"]
[BlackElo "1517"]
[Opening "Clemenz (Mead's, Basman's or de Klerk's) opening"]
[ECO "A00"]
[Time "13:01:26"]
[PlyCount "89"]
[TimeControl "1800+10"]

1. h3 c5 2. c4 Nf6 3. Nc3 b6 4. Nf3 Bb7 5. d3 d5 6. cxd5 Nxd5 7. e4 Nf6 8.
Bf4 Nbd7 9. Be2 e6 10. Nb5 Rc8 11. Nxa7 Ra8 12. Nb5 Rc8 13. O-O Ba6 14.
Nd6+ Bxd6 15. Bxd6 Rc6 16. Bh2 O-O 17. Rc1 Qe7 18. d4 Bb7 19. Bd3 Rd8 20.
Re1 cxd4 21. Rxc6 Bxc6 22. Nxd4 Bb7 23. Bc7 Rc8 24. Nb5 Ne8 25. Bg3 Nc5 26.
Bb1 Rd8 27. Qc1 Qd7 28. Nc3 Qc6 29. Bh4 f6 30. Rd1 Rc8 31. Qc2 Nd6 32. f3
e5 33. Nd5 Qd7 34. Nxb6 Qe8 35. Nxc8 Nxc8 36. Qxc5 Ba8 37. Rc1 Ne7 38. a3
Bb7 39. Ba2+ Kh8 40. Qc7 Bc8 41. Qxe7 Qg8 42. Bxf6 Bxh3 43. Rd1 gxf6 44.
Qxf6+ Qg7 45. Rd8# { Black checkmated } 1-0

[Event "ICC tourney 2579 (30 10)"]
[Site "Internet Chess Club"]
[Date "2021.05.22"]
[Round "2"]
[White "XIAO, MARINA:marinaxiao"]
[Black "LIAO, CONNOR:che2468"]
[Result "1-0"]
[ICCResult "Black resigns"]
[WhiteElo "1547"]
[BlackElo "1423"]
[Opening "Sicilian: modern Scheveningen"]
[ECO "B58"]
[NIC "SI.22"]
[Time "13:01:24"]
[PlyCount "75"]
[TimeControl "1800+10"]

1. e4 c5 2. Nf3 d6 3. d4 cxd4 4. Nxd4 Nf6 5. Nc3 Nc6 6. Be2 e6 7. Be3 a6 8.
a4 Be7 9. O-O O-O 10. Kh1 d5 11. exd5 Nxd5 12. Nxd5 Qxd5 13. Bf3 Qd7 14. c3
Nxd4 15. Bxd4 Rb8 16. Qe2 b5 17. Be5 Bb7 18. Bxb8 Bxf3 19. Qxf3 Rxb8 20.
axb5 Qxb5 21. b4 Bf6 22. Rfd1 Qc4 23. Rac1 Rc8 24. h3 h6 25. Kg1 Qb3 26.
Rb1 Qc2 27. Rdc1 Qd2 28. c4 Qd4 29. c5 Be7 30. Qb7 Qd8 31. c6 Bd6 32. Rd1
Rc7 33. Qxa6 Kf8 34. Qc4 Ke7 35. b5 Qc8 36. Rdc1 Ba3 37. Rc3 Bd6 38. b6 {
Black resigns } 1-0

[Event "ICC tourney 2579 (30 10)"]
[Site "Internet Chess Club"]
[Date "2021.05.22"]
[Round "2"]
[White "JIN, DAVID:smartgoldfish"]
[Black "Hanke, Harvey:ThinkingPanda"]
[Result "1-0"]
[ICCResult "Black checkmated"]
[WhiteElo "1400"]
[BlackElo "1421"]
[Opening "Giuoco Piano"]
[ECO "C44"]
[NIC "SO.06"]
[Time "13:01:22"]
[PlyCount "73"]
[TimeControl "1800+10"]

1. e4 e5 2. Nf3 Nc6 3. d4 exd4 4. Bc4 Bc5 5. c3 Nf6 6. cxd4 Bb4+ 7. Nc3
Nxe4 8. O-O Bxc3 9. bxc3 d5 10. Qc2 O-O 11. Bd3 f5 12. Ba3 Re8 13. Rad1 Qf6
14. Rfe1 Bd7 15. c4 Be6 16. cxd5 Bxd5 17. Bc4 Qf7 18. Bd3 Bxa2 19. Bxe4
fxe4 20. Ng5 Qd5 21. Rd2 Bb3 22. Qb1 Qxg5 23. Qxb3+ Kh8 24. Bc1 Rad8 25.
Qxb7 Nxd4 26. Rxd4 Qa5 27. Bd2 Qa2 28. Qb5 a6 29. Qb4 a5 30. Qc5 a4 31. Bc3
Qb3 32. Rxd8 Rxd8 33. Bxg7+ Kg8 34. Qg5 Rd6 35. Bf6+ Kf8 36. Qg7+ Ke8 37.
Qe7# { Black checkmated } 1-0

[Event "ICC tourney 2579 (30 10)"]
[Site "Internet Chess Club"]
[Date "2021.05.22"]
[Round "2"]
[White "CHERUKURI, NITESH:Niteshc"]
[Black "HUANG, IVAN:ihuang"]
[Result "0-1"]
[ICCResult "White checkmated"]
[WhiteElo "1746"]
[BlackElo "1462"]
[Opening "French: Steinitz, Boleslavsky variation"]
[ECO "C11"]
[NIC "FR.04"]
[Time "13:01:25"]
[PlyCount "86"]
[TimeControl "1800+10"]

1. e4 e6 2. d4 d5 3. Nc3 Nf6 4. e5 Nfd7 5. f4 c5 6. Nf3 Nc6 7. Be3 Qb6 8.
Na4 Qa5+ 9. c3 cxd4 10. b4 Qc7 11. Nxd4 Nxd4 12. Bxd4 f6 13. Bd3 g6 14.
exf6 Kf7 15. O-O Nxf6 16. Bc2 Bg7 17. Qd2 Rf8 18. Rae1 Qc6 19. Nc5 b6 20.
Nb3 Ba6 21. Rf3 Rae8 22. Rh3 Kg8 23. Qf2 Nh5 24. g3 e5 25. Be3 Bc8 26. f5
Bxf5 27. Bxf5 Rxf5 28. Qd2 Rff8 29. g4 Nf6 30. Bh6 Nxg4 31. Bxg7 Kxg7 32.
Qg5 Qd7 33. Rf1 Rxf1+ 34. Kxf1 Rf8+ 35. Ke1 Rf5 36. Qh4 h5 37. Rg3 Qf7 38.
Rg1 Rf2 39. h3 Qf4 40. Qe7+ Kh6 41. hxg4 Qe3+ 42. Kd1 Qe2+ 43. Kc1 Qc2# {
White checkmated } 0-1

[Event "ICC tourney 2579 (30 10)"]
[Site "Internet Chess Club"]
[Date "2021.05.22"]
[Round "2"]
[White "LI, IRIS:irisl"]
[Black "VIDENA, DANIEL TUAPEN:Davide25"]
[Result "1-0"]
[ICCResult "Black resigns"]
[WhiteElo "1482"]
[BlackElo "1528"]
[Opening "Caro-Kann: exchange, Rubinstein variation"]
[ECO "B13"]
[NIC "CK.02"]
[Time "13:01:31"]
[PlyCount "57"]
[TimeControl "1800+10"]

1. e4 c6 2. d4 d5 3. exd5 cxd5 4. Bd3 Nf6 5. c3 Nc6 6. Bf4 e6 7. Nf3 Bd6 8.
Bxd6 Qxd6 9. O-O O-O 10. Re1 Bd7 11. Ne5 Rfc8 12. Nd2 h6 13. Ndf3 Rab8 14.
a4 Be8 15. Qd2 Na5 16. Qc2 Qc7 17. h4 a6 18. g4 h5 19. gxh5 Nxh5 20. Bh7+
Kh8 21. Ng5 Nc6 22. Qe2 Nf6 23. Bd3 g6 24. Qf3 Qe7 25. Nxg6+ fxg6 26. Rxe6
Qg7 27. Rxf6 Bd7 28. Rxg6 Qxg6 29. Bxg6 { Black resigns } 1-0

[Event "ICC tourney 2579 (30 10)"]
[Site "Internet Chess Club"]
[Date "2021.05.22"]
[Round "2"]
[White "VENKATESH, NARAYAN:narayan0811"]
[Black "XIA, JOSHUA:MathMonkey"]
[Result "1-0"]
[ICCResult "Black checkmated"]
[WhiteElo "1040"]
[BlackElo "1381"]
[Opening "Ruy Lopez: Anderssen variation"]
[ECO "C77"]
[NIC "RL.12"]
[Time "13:01:23"]
[PlyCount "163"]
[TimeControl "1800+10"]

1. e4 e5 2. Nf3 Nc6 3. Bb5 a6 4. Ba4 Nf6 5. d3 b5 6. Bb3 Bc5 7. O-O O-O 8.
Bg5 h6 9. Bh4 d6 10. Nc3 Bg4 11. h3 Bh5 12. Bd5 Bxf3 13. gxf3 Qd7 14. Bxf6
gxf6 15. Bxc6 Qxc6 16. Nd5 Kg7 17. Kh2 Rh8 18. Qd2 Qb7 19. Rg1+ Kf8 20.
Nxf6 Qa7 21. Rg2 Ke7 22. Nd5+ Ke6 23. f4 c6 24. f5+ Kd7 25. Ne3 Bxe3 26.
Qxe3 Qxe3 27. fxe3 Rag8 28. Rag1 Rxg2+ 29. Rxg2 Ke7 30. c3 Kf6 31. Rd2 Rg8
32. d4 exd4 33. exd4 Re8 34. Re2 d5 35. e5+ Kxf5 36. Rf2+ Kg6 37. Rf6+ Kg7
38. Rxc6 b4 39. Rxa6 bxc3 40. bxc3 Rb8 41. Kg3 Rb2 42. Ra5 Rc2 43. Rc5 Kh7
44. a4 Ra2 45. a5 Ra3 46. a6 Rxa6 47. Rxd5 Ra3 48. Rc5 Ra2 49. c4 Re2 50.
Rc7 Kg6 51. Rc6+ Kg7 52. Rf6 Re4 53. Rf4 Re3+ 54. Kg4 Kg6 55. Rf6+ Kg7 56.
c5 Rd3 57. Rd6 Rc3 58. h4 Rc4 59. Kh5 Rb4 60. c6 Rc4 61. Kg4 Kh7 62. Kf5
Kg7 63. h5 Rc3 64. d5 Rc5 65. Rd7 Kf8 66. Kf6 Ke8 67. Rb7 Kd8 68. Rxf7 Kc8
69. Rd7 Rb5 70. Kg6 Rc5 71. Kxh6 Rc4 72. e6 Rd4 73. e7 Re4 74. Rd8+ Kc7 75.
e8=Q Rxe8 76. Rxe8 Kd6 77. Rd8+ Kc7 78. Rd7+ Kc8 79. Kg7 Kb8 80. h6 Ka8 81.
h7 Kb8 82. h8=Q# { Black checkmated } 1-0

[Event "ICC tourney 2579 (30 10)"]
[Site "Internet Chess Club"]
[Date "2021.05.22"]
[Round "3"]
[White "BAUTISTA, LUIS VINCENT:harrymanoc"]
[Black "TISMINEZKY, TAVI:tavit2"]
[Result "0-1"]
[ICCResult "White checkmated"]
[WhiteElo "625"]
[BlackElo "1027"]
[Opening "Four knights: Italian variation"]
[ECO "C55"]
[NIC "IG.01"]
[Time "15:00:29"]
[PlyCount "84"]
[TimeControl "1800+10"]

1. e4 e5 2. Nf3 Nc6 3. Bc4 Nf6 4. Nc3 Nxe4 5. Nxe4 d5 6. Bb3 dxe4 7. Ng1
Bc5 8. Ne2 O-O 9. O-O Bg4 10. d3 Nd4 11. f3 exd3 12. cxd3 Bd7 13. Nxd4
Bxd4+ 14. Kh1 Qh4 15. Qe2 Rfe8 16. Bd2 a5 17. Be1 Qh6 18. Bd2 Qg6 19. a4
Bxb2 20. Rab1 Bd4 21. Bd5 Bc6 22. Bxc6 bxc6 23. Rb7 Bb6 24. Be3 Rab8 25.
Rxb8 Rxb8 26. Bxb6 cxb6 27. Qxe5 Rd8 28. Re1 h6 29. Qe7 Qxd3 30. h4 Qd7 31.
Qxd7 Rxd7 32. Re8+ Kh7 33. Rc8 Rd5 34. Rxc6 Rd4 35. Rxb6 Rxa4 36. Ra6 Rxh4+
37. Kg1 Ra4 38. Kh2 Ra1 39. Kh3 a4 40. Kh4 a3 41. g4 a2 42. Kh5 Rh1# {
White checkmated } 0-1

[Event "ICC tourney 2579 (30 10)"]
[Site "Internet Chess Club"]
[Date "2021.05.22"]
[Round "3"]
[White "LIAO, CONNOR:che2468"]
[Black "SURESH, ARJUN:dolphinday"]
[Result "1-0"]
[ICCResult "Black resigns"]
[WhiteElo "1423"]
[BlackElo "1120"]
[Opening "Queen's pawn game"]
[ECO "D04"]
[NIC "QP.08"]
[Time "15:00:28"]
[PlyCount "41"]
[TimeControl "1800+10"]

1. d4 d5 2. Nf3 Nf6 3. e3 c5 4. b3 Nc6 5. Bb2 Bg4 6. h3 Bh5 7. g4 Bg6 8.
Ne5 Nxe5 9. dxe5 Nd7 10. Qxd5 Qc7 11. e6 fxe6 12. Qxe6 Bf7 13. Qe4 O-O-O
14. Nc3 Bg6 15. Qc4 Bxc2 16. Nb5 Qa5+ 17. Bc3 Qb6 18. a4 a6 19. a5 axb5 20.
axb6 b4 21. Bxb4 { Black resigns } 1-0